 Dungeon Crawl Stone Soup version 0.21.1-1-g345015fe64 (webtiles) character file.

37 Ivernyr the Charmwright (level 3, -3/28 HPs)
             Began as a Demonspawn Skald on Apr 28, 2018.
             Slain by a gnoll
             ... wielding a cursed +0 spear
              (8 damage)
             ... on level 1 of the Dungeon.
             The game lasted 00:01:49 (1205 turns).

Ivernyr the Charmwright (Demonspawn Skald)          Turns: 1205, Time: 00:01:50

Health: -3/28      AC:  4    Str: 11    XL:     3   Next: 21%
Magic:  1/6        EV: 12    Int: 14    God:
Gold:   55         SH:  0    Dex: 13    Spells: 1/6 levels left

rFire    . . .     SeeInvis .   a - +0 falchion
rCold    + . .     Gourm    .   (no shield)
rNeg     . . .     Faith    .   b - +0 leather armour
rPois    .         Spirit   .   (no helmet)
rElec    .         Reflect  .   h - +0 cloak
rCorr    .         Harm     .   (no gloves)
MR       .....                  (no boots)
Stlth    +.........             (no amulet)
HPRegen  0.09/turn              i - ring of protection from cold
MPRegen  0.10/turn              (no ring)

@: shrouded
A: talons 1
a: no special abilities


You were on level 1 of the Dungeon.
You were very hungry.

You visited 1 branch of the dungeon, and saw 2 of its levels.

You collected 55 gold pieces.

Inventory:

Hand Weapons
 a - a +0 falchion (weapon)
Armour
 b - a +0 leather armour (worn)
 h - a +0 cloak (worn)
Jewellery
 i - a ring of protection from cold (left hand)
Scrolls
 e - 2 scrolls of identify {unknown}
 g - a scroll of enchant weapon {unknown}
Potions
 f - a potion of ambrosia {unknown}
Books
 c - a book of Battle

   Spells                             Type                      Level
   a - Infusion                       Charms                       1
   b - Shroud of Golubria             Charms/Translocation         2
   c - Song of Slaying                Charms                       2
   d - Spectral Weapon                Hexes/Charms                 3
   e - Regeneration                   Charms/Necromancy            3
Comestibles
 d - 4 rations


   Skills:
 + Level 2.3 Fighting
 + Level 2.1 Long Blades
 * Level 1.9 Armour
 - Level 1.7 Dodging
 - Level 2.0 Spellcasting
 + Level 3.0 Charms


You had one spell level left.
You knew the following spells:

 Your Spells              Type           Power        Failure   Level  Hunger
a - Shroud of Golubria    Chrm/Tloc      #.........   26%         2    ###....
b - Song of Slaying       Chrm           #.......     14%         2    ###....
c - Infusion              Chrm           #...         9%          1    ##.....


Dungeon Overview and Level Annotations

Branches:
Dungeon (2/15)

Altars:


Innate Abilities, Weirdness & Mutations

You have sharp toenails.


Message History

You closely miss the gnoll. You claw the gnoll.
The gnoll is heavily wounded.
The gnoll barely misses you. The gnoll hits you with a club.
Your shroud bends the gnoll's attack away!
You closely miss the gnoll.
The gnoll is heavily wounded.
The gnoll hits you but does no damage. The gnoll hits you with a club!
Your shroud falls apart!
The gnoll hits you from afar with an enchanted halberd.
Casting: Shroud of Golubria
Confirm with . or Enter, or press ? or * to list all spells.
Space distorts slightly along a thin shroud covering your body.
The gnoll hits you from afar with a spear.
* * * LOW HITPOINT WARNING * * *
Your shroud falls apart!
Casting: Shroud of Golubria
Confirm with . or Enter, or press ? or * to list all spells.
Space distorts slightly along a thin shroud covering your body.
The gnoll hits you from afar with a spear!
You die...

####### ##### #.....#
########...###.###.#######
#.........................
#...####.#.###.#.....#.###
#...# #.#.###.......#...#
#...# #.......#.##..#....
#...# ####.#.........#.#.#
##'## #..@.#.#.......#....
#.# #g####.###.##.####.#
#####.####.###.........#....#
#......g.g..###.########.####
#.......######### ######.).#.
#............######.....##.##
##...>.......+....'..........
#...........######..........
#...........# #..........


You could see a gnoll.

Vanquished Creatures
  A gnoll (D:1)
  An ooze (D:1)
  A dart slug (D:1)
  A giant cockroach (D:1)
  A goblin (D:1)
  3 hobgoblins (D:1)
  4 jackals (D:1)
  2 kobolds (D:1)
  2 bats (D:1)
  2 frilled lizards (D:1)
  2 rats (D:1)
20 creatures vanquished.

Notes
Turn   | Place    | Note
-------+----------+-------------------------------------------
     0 | D:1      | Ivernyr the Demonspawn Skald began the quest for the Orb.
     0 | D:1      | Reached XP level 1. HP: 16/16 MP: 3/3
     8 | D:1      | Reached skill level 1 in Armour
   192 | D:1      | Gained mutation: You have sharp toenails. [demonic ancestry]
   192 | D:1      | Reached XP level 2. HP: 16/22 MP: 5/5
   531 | D:1      | Learned a level 2 spell: Song of Slaying
   534 | D:1      | Learned a level 2 spell: Shroud of Golubria
   708 | D:1      | Reached skill level 3 in Charms
   708 | D:1      | Reached XP level 3. HP: 9/28 MP: 3/6
  1205 | D:1      | Slain by a gnoll

Skill      XL: |  1  2 |
---------------+-------+-----
Armour         | 1 |  1.9
Long Blades    | 2 |  2.1
Charms         | 3 |  3.0
Fighting       | |  2.3
Dodging        | |  1.7
Spellcasting   | |  2.0

Action                   || total
-------------------------++-------
Melee: Falchion          ||    60
       Kick              ||     5
 Cast: Shroud of Golubri ||     4
Armor: Leather armour    ||    16
Dodge: Dodged            ||    46
       Rpst.: Falchion   ||    18
